 Dungeon Crawl Stone Soup version 0.28-a0-1347-g113dc556a4 (webtiles) character file.

Game seed: 4691196709557848081

114 vivovinco the Ruffian (level 4, -15/37 HPs)
             Began as a Ghoul Warper on Dec 29, 2021.
             Demolished by an ogre (30 damage)
             ... on level 3 of the Dungeon.
             The game lasted 00:07:16 (3254 turns).

vivovinco the Ruffian (Ghoul Warper)                Turns: 3254, Time: 00:07:17

Health: -15/37     AC:  3    Str: 16    XL:     4   Next: 98%
Magic:  6/6        EV: 11    Int:  8    God:
Gold:   56         SH:  0    Dex:  8    Spells: 5/7 levels left

rFire   . . .      SeeInvis .     - Unarmed
rCold   + . .      Faith    .   (no shield)
rNeg    + + +      Spirit   .   a - +0 leather armour
rPois   ∞          Reflect  .   (no helmet)
rElec   .          Harm     .   (no cloak)
rCorr   +          Rampage  .   (no gloves)
Will    .....                   (no boots)
Stlth   +.........              (no amulet)
HPRegen 0.00/turn               d - ring of resist corrosion
MPRegen 0.10/turn               (no ring)

@: inhibited regen
A: claws 1, cold resistance 1, negative energy resistance 3, inhibited
regeneration, torment resistance 2
a: no special abilities


You were on level 3 of the Dungeon.
You visited 1 branch of the dungeon, and saw 4 of its levels.

You collected 56 gold pieces.

Inventory:

Missiles
 c - 5 boomerangs of dispersal
 e - 103 stones (quivered)
 o - 6 poisoned darts
Armour
 a - a +0 leather armour (worn)
Magical Staves
 l - a staff of earth
Jewellery
 d - a ring of resist corrosion (left claw)
 f - a ring of protection from fire
Scrolls
 b - a scroll of blinking
 g - a scroll of amnesia {unknown}
 h - a scroll of enchant weapon {unknown}
 k - a scroll of immolation {unknown}
 n - a scroll of teleportation {unknown}
Potions
 i - a potion of haste {unknown}
 j - a potion of brilliance {unknown}
 m - a potion of might {unknown}


   Skills:
 + Level 2.5 Fighting
 + Level 1.3 Throwing
 + Level 2.1 Armour
 + Level 2.1 Dodging
 + Level 0.8 Stealth
 + Level 3.5 Unarmed Combat
 + Level 2.0 Spellcasting
 + Level 2.9 Translocations


You had 5 spell levels left.
You knew the following spells:

 Your Spells              Type           Power      Damage    Failure   Level
a - Blink                 Tloc           10%        N/A       21%         2

Your spell library contained the following spells:

 Spells                   Type           Power      Damage    Failure   Level
 Gell's Gravitas          Tloc           5%         N/A       36%         3
 Lesser Beckoning         Tloc           5%         N/A       36%         3
 Teleport Other           Tloc           5%         N/A       36%         3
 Slow                     Hex            0%         N/A       41%         1
 Confusing Touch          Hex            0%         N/A       78%         3
 Vampiric Draining        Necr           0%         2d6       78%         3
 Manifold Assault         Tloc           5%         N/A       98%         5


Dungeon Overview and Level Annotations

Branches:
Dungeon (4/15)
 Temple: D:4-7

Altars:


Innate Abilities, Weirdness & Mutations

You thrive by killing the living.
You are immune to poison.
You have sharp fingernails.
Your flesh is cold resistant. (rC+)
You are immune to negative energy. (rN+++)
You do not regenerate when monsters are visible.
You are immune to unholy pain and torment.


Message History

Aim: a dart slug (heavily wounded, 93% to hit)
You throw a stone. The stone barely misses the dart slug.
Throw: 93 stones
Press: ? - help, Q - select action, (/) - cycle Shift-Dir - straight line, f/p - dart slug
Aim: a dart slug (heavily wounded, 93% to hit)
You throw a stone. The stone hits the dart slug.
The dart slug is severely wounded.
Throw: 92 stones
Press: ? - help, Q - select action, (/) - cycle Shift-Dir - straight line, f/p - dart slug
Aim: a dart slug (severely wounded, 93% to hit)
You throw a stone.
The stone hits the dart slug but does no damage.
The dart slug is severely wounded.
Throw: 91 stones
Press: ? - help, Q - select action, (/) - cycle Shift-Dir - straight line, f/p - dart slug
Aim: a dart slug (severely wounded, 93% to hit)
You throw a stone. The stone hits the dart slug.
The dart slug is almost dead.
You claw the dart slug!
You kill the dart slug!
e - 101 stones (gained 11)
Found a stone staircase leading down.
e - 102 stones (gained 1)
e - 103 stones (gained 1)
There is a stone staircase leading down here.
You climb downwards.
The ogre shouts!
Found a cloak.
There is a stone staircase leading up here.
The ogre hits you with a +0 giant club!!
You climb upwards.
There is a stone staircase leading down here.
You claw the ogre!
The ogre is moderately wounded.
The ogre hits you with a +0 giant club.
You scratch the ogre.
The ogre is heavily wounded.
The ogre hits you with a +0 giant club!!
Ouch! That really hurt!
You die...

.##.#.###
.##.#.######
.##........#
...##.####.#
...##.# #.#
......# #.#
#.#####
#.########
#.###
#)...#...#
....#
#.####.@.#
..#.# #.##
#.O.# ..#.#
#..# #...#
.##.#
##.###...###..
....#
#.'...((((...#
.####
####.....##..#
.# ##...## #
.# ##.## .#
#.#


You could see an ogre.

Vanquished Creatures
  4 gnolls (D:2)
  2 adders
  2 worms
  3 dart slugs
  4 ball pythons
  2 endoplasms (D:1)
  A giant cockroach (D:1)
  4 goblins
  4 hobgoblins
  3 jackals (D:2)
  6 bats
  A frilled lizard (D:2)
  5 kobolds
  8 rats
49 creatures vanquished.

Vanquished Creatures (others)
  3 fungi (D:4)
3 creatures vanquished.

Grand Total: 52 creatures vanquished

Notes
Turn   | Place    | Note
-------+----------+-------------------------------------------
     0 | D:1      | vivovinco the Ghoul Warper began the quest for the Orb.
     0 | D:1      | Reached XP level 1. HP: 17/17 MP: 2/2
   475 | D:1      | Reached XP level 2. HP: 18/25 MP: 3/3
   476 | D:1      | Reached skill level 1 in Armour
   618 | D:1      | Learned a level 2 spell: Blink
  1497 | D:2      | Reached skill level 3 in Unarmed Combat
  1497 | D:2      | Reached XP level 3. HP: 29/30 MP: 4/4
  1945 | D:2      | Reached skill level 1 in Throwing
  2538 | D:2      | Reached XP level 4. HP: 12/37 MP: 2/5
  3250 | D:4      | Noticed an ogre
  3254 | D:3      | Demolished by an ogre

Illustrated notes

Levels and vault maps discovered:
D:1:      elethiomel_arrival_maze, layout_loops_ring
D:2:      layout_loops_corners
D:3:      layout_loops_cross, ebering_ecumenical_altar_webs, grunt_ministairs_14
D:4:      layout_rooms, serial_aquarium, aquarium_bridge_island_small
          [aquarium_subvault_small_open, aquarium_subvault_bridge,
          aquarium_subvault_balcony, aquarium_subvault_wall,
          aquarium_subvault_bridge], aquarium_bridge_square
          [aquarium_subvault_wall, aquarium_subvault_wall,
          aquarium_subvault_bridge, aquarium_subvault_wall],
          aquarium_window_corridor_1, aquarium_window_double,
          aquarium_window_fake, aquarium_view_2c, aquarium_balcony_double_3,
          aquarium_pool_1, grunt_decor_arrowhead

Skill      XL: |  1  2  3  4 |
---------------+-------------+-----
Armour         | 1 2 |  2.1
Unarmed Combat | 3 |  3.5
Throwing       | 1 |  1.3
Dodging        | 2 |  2.1
Spellcasting   | 2 |  2.0
Fighting       | |  2.5
Stealth        | |  0.8
Translocations | |  2.9

Action                   |  1- 3 |  4- 6 || total
-------------------------+-------+-------++-------
Melee: Unarmed           |   111 |    39 ||   150
       Punch             |     1 |     1 ||     2
Throw: Stone             |    41 |     8 ||    49
 Cast: Blink             |     4 |     1 ||     5
  Use: Scroll            |     2 |       ||     2
 Stab: Sleeping          |       |     1 ||     1
Armor: Leather armour    |    25 |     7 ||    32
Dodge: Dodged            |    93 |    18 ||   111

Table legend: (Time is in decaauts)
 A = Elapsed time spent in this place.
 B = Non-inter-level travel time spent in this place.
 C = Inter-level travel time spent in this place.
 D = Time resting spent in this place.
 E = Time spent auto-exploring this place.
 F = Levels seen in this place.
 G = Mean time per level.
                   A        B        C        D        E       F      G
               +--------+--------+--------+--------+--------+-----+--------+
         Total |   3258 |   3238 |     20 |    286 |   2444 |   4 |  814.5 |
       Dungeon |   3258 |   3238 |     20 |    286 |   2444 |   4 |  814.5 |
               +--------+--------+--------+--------+--------+-----+--------+

Top non-repeatable levels by time:
     D:2: 1467 daAuts
     D:1: 1385 daAuts
     D:3: 400 daAuts
     D:4: 4 daAuts
